 Dungeon Crawl Stone Soup version 0.31.0-11-ge490571c62 (webtiles) character file.

Game seed: 17425810297711739555

56647 JboZiK the Mimic (level 14, -4/102 HPs)
             Began as an Octopode Shapeshifter on Feb 4, 2024.
             Was an Initiate of Gozag.
             Slain by Zeo's ghost (26 damage)
             ... on level 3 of the Lair of Beasts.
             The game lasted 00:36:33 (25020 turns).

JboZiK the Mimic (Octopode Shapeshifter)           Turns: 25020, Time: 00:36:36

Health: -4/102     AC:  7    Str: 20    XL:     14   Next: 82%
Magic:  14/14      EV: 23    Int: 25    God:    Gozag
Gold:   4466       SH:  0    Dex: 15    Spells: 13/13 levels left

rFire   + .          .
                       - Unarmed
rCold   x . .        (shield currently unavailable)
rNeg    + . .        t - +2 hat
rPois   .            B - amulet of the acrobat
rElec   .            T - +4 ring of protection
rCorr   .            N - ring of positive energy
SInv    +            v - ring of see invisible
Will    +....        Z - ring of wizardry
Stlth   ++           S - +6 ring of strength
HPRegen 0.37/turn    F - ring of fire
MPRegen 0.14/turn    i - +6 ring of intelligence
                     L - +6 ring of intelligence

%: acrobat, wizardry (x1)
@: flux-form, gold aura, glowing, studying Stealth
A: glow, contaminating, almost no armour, amphibious, 8 rings, camouflage 1,
gelatinous body 1, (nimble swimmer 1), tentacles
a: Begin Untransformation, Renounce Religion, Potion Petition, Call Merchant,
Bribe Branch


You were on level 3 of the Lair of Beasts.
You worshipped Gozag.
Gozag was most pleased with you.
You were something dangerously unstable.
You visited 3 branches of the dungeon, and saw 18 of its levels.
You also visited: Bailey.

You collected 4566 gold pieces.
You paid 100 gold pieces to Gozag.


Innate Abilities, Weirdness & Mutations

You are something dangerously unstable.
You glow with magical radiation, making you easy to see and hit.
Foes you strike become dangerously contaminated with magical radiation.
You are incapable of wielding weapons or throwing items.
You cannot wear most types of armour.
You are amphibious.
You can wear up to eight rings at the same time.
Your skin changes colour to match your surroundings (Stealth+).
Your rubbery body absorbs attacks. (AC +1, EV +1)
((You are camouflaged when in or above water. (Stealth+)))
You have tentacles for arms and can constrict up to eight enemies at once.


   Skills:
 + Level 11.9 Fighting
 + Level 11.9 Dodging
 + Level 9.3 Stealth
 + Level 11.9 Unarmed Combat
 - Level 8.0 Evocations
 - Level 13.0 Shapeshifting


You had 13 spell levels left.
You didn't know any spells.
Your spell library contained the following spells:

 Spells                   Type           Power      Damage    Failure   Level
 Apportation              Tloc           0%         N/A       6%          1
 Necrotise                Necr           0%         1d4       6%          1
 Sting                    Conj/Alch      0%         1d3       6%          1
 Summon Small Mammal      Summ           0%         N/A       6%          1
 Call Imp                 Summ           0%         N/A       9%          2
 Mercury Vapours          Alch/Air       0%         N/A       9%          2
 Sublimation of Blood     Necr           0%         N/A       9%          2
 Dazzling Flash           Conj/Hex       0%         N/A       16%         3
 Mephitic Cloud           Conj/Alch/Air  0%         N/A       16%         3
 Volatile Blastmotes      Fire/Tloc      0%         2d10      16%         3
 Brom's Barrelling Bould  Conj/Erth      0%         2d3       45%         4
 Fulminant Prism          Conj/Alch      0%         3d5       45%         4
 Iskenderun's Mystic Bla  Conj/Tloc      0%         2d3       45%         4
 Olgreb's Toxic Radiance  Alch           0%         N/A       45%         4
 Curse of Agony           Necr           0%         N/A       80%         5
 Fireball                 Conj/Fire      0%         3d3       80%         5
 Iskenderun's Battlesphe  Conj           0%         2d6       80%         5
 Silence                  Hex/Air        0%         N/A       80%         5
 Conjure Ball Lightning   Conj/Air       0%         3x3d6     100%        6
 Orb of Destruction       Conj           0%         9d5       100%        7
 Summon Hydra             Summ           0%         N/A       100%        7

Inventory:

Armour
 t - a +2 hat (worn)
Magical Staves
 D - a staff of cold {!a}
Jewellery
 i - a +6 ring of intelligence (on tentacle)
 v - a ring of see invisible (on tentacle)
 B - an amulet of the acrobat (around mantle)
 C - a ring of ice
 F - a ring of fire (on tentacle)
 I - a +6 ring of intelligence
 L - a +6 ring of intelligence (on tentacle)
 N - a ring of positive energy (right tentacle)
 S - a +6 ring of strength (on tentacle)
 T - a +4 ring of protection (left tentacle)
 Z - a ring of wizardry (on tentacle)
Talismans
 b - a beast talisman
 c - a flux talisman (active)
Wands
 a - a wand of roots (11)
 o - a wand of light (13)
 z - a wand of flame (32)
 E - a wand of paralysis (7)
 O - a wand of digging (3)
Scrolls
 d - 11 scrolls of teleportation {@r2}
 e - 5 scrolls of noise {unknown}
 g - a scroll of silence {unknown}
 h - 4 scrolls of enchant armour {unknown}
 j - a scroll of poison
 k - 2 scrolls of amnesia {unknown}
 m - 3 scrolls of blinking {unknown}
 r - a scroll of fog {unknown}
 x - 2 scrolls of brand weapon {unknown}
 y - 3 scrolls of immolation {unknown}
 G - 2 scrolls of torment {unknown}
 K - 3 scrolls of enchant weapon {unknown}
 M - a scroll of identify {@r1}
Potions
 f - 6 potions of mutation
 l - 2 potions of invisibility
 n - 2 potions of enlightenment
 p - 3 potions of ambrosia
 q - 11 potions of curing {@q1}
 s - a potion of berserk rage {!q}
 u - 2 potions of magic
 w - a potion of haste {@q3}
 A - 3 potions of attraction
 H - 2 potions of heal wounds {@q2}
 J - 2 potions of resistance

Dungeon Overview and Level Annotations

Branches:
Dungeon (12/15)            Temple (1/1) D:4            Lair (5/5) D:8
  Swamp (0/4) Lair:3       Spider (0/4) Lair:3        Slime (0/5) Lair:4
    Orc (0/2) D:11         Bailey (visited)

Altars:
Ashenzari
Cheibriados
Dithmenos
Elyvilon
Fedhas
Gozag
Hepliaklqana
Kikubaaqudgha
Makhleb
Nemelex Xobeh
Okawaru
Qazlal
Ru
Sif Muna
Trog
Uskayaw
Vehumet
Wu Jian
Xom
Yredelemnul
Zin
The Shining One
Jiyva

Shops:
D:2 [

Annotations:
Lair:1 exclusions: death yak and door
Lair:3 1 transporter, Zeo's ghost, journeyman KoHu
Lair:5 exclusion: hydra

#...........▒▒▒...▒▒▒.........
##.........▒▒.......▒.........
##.........▒..#.#...▒.###.....
#....#.##..▒..#.#...▒..##.....
##..####...▒▒.....#.▒▒.#......
##..##......▒F.#...#Y▒.##.....
#P..#......©▒SY$©#YyY▒.#......
##..........▒W#W....▒▒........
#.>##.#...▒▒p#...#.▒©........
##..#....#.▒..#.##..▒▒........
#....).....▒.#...#..©▒........
#..........▒▒..#....▒▒........
#...........▒......▒▒.........
##..........▒▒.▒▒▒▒▒..........
#............▒▒▒..............
##............................
#................#.#..##....#


You could see a yak, a blink frog, a water moccasin and Zeo's ghost.


Message History

Zeo's ghost hits you!
You tentacle-slap Zeo's ghost.
Zeo's ghost begins to glow.
Zeo's ghost is severely damaged.
Zeo's ghost hits you!!
* * * LOW HITPOINT WARNING * * *
Unknown command.
You miss Zeo's ghost. Your squeeze misses Zeo's ghost.
Zeo's ghost is severely damaged.
Zeo's ghost is distracted by your dazzling golden aura.
Zeo's ghost turns its malevolent gaze towards you.
You tentacle-slap Zeo's ghost but do no damage.
Zeo's ghost glows dangerously bright.
Zeo's ghost is no longer distracted by gold.
Zeo's ghost is severely damaged.
Zeo's ghost hits you!
* * * LOW HITPOINT WARNING * * *
You miss Zeo's ghost.
Zeo's ghost is severely damaged.
You closely miss Zeo's ghost.
Zeo's ghost is severely damaged.
Zeo's ghost is distracted by your dazzling golden aura.
You catch the helpless Zeo's ghost completely off-guard!
You tentacle-slap Zeo's ghost but do no damage.
Zeo's ghost shudders as magic cascades through it!
Zeo's ghost is no longer distracted by gold.
Your squeeze misses Zeo's ghost.
Zeo's ghost is almost destroyed.
The blink frog stops glowing.
Zeo's ghost hits you!!
You die...
Your body crumbles into a pile of gold.

Skill      XL: |  1  2  3  4  5  6  7  8  9 10 11 12 13 14 |
---------------+-------------------------------------------+-----
Fighting       | 2 3 4 6 7 9 10 11 | 11.9
Stealth        | 3 5 9 |  9.3
Dodging        | 3 4 6 7 8 9 10 11 | 11.9
Unarmed Combat | 4 5 6 7 8 9 10 11 | 11.9
Shapeshifting  | 4 5 7 8 9 10 11 12 13 | 13.0
Evocations     | 3 5 7 8 |  8.0

Action                     |  1- 3 |  4- 6 |  7- 9 | 10-12 | 13-15 || total
---------------------------+-------+-------+-------+-------+-------++-------
  Melee: Unarmed           |    43 |    88 |   377 |   534 |   729 ||  1771
         Constrict         |    13 |    22 |   107 |    66 |    88 ||   296
         Tentacles         |     8 |    23 |    97 |   186 |   250 ||   564
         Punch             |     1 |     2 |     1 |       |       ||     4
  Evoke: Wand              |       |     1 |     4 |     4 |     6 ||    15
    Use: Scroll            |       |       |     6 |     3 |    10 ||    19
         Potion            |       |       |     5 |     4 |       ||     9
   Stab: Sleeping          |     5 |     4 |     6 |     5 |     2 ||    22
         Distracted        |       |       |     1 |     1 |     2 ||     4
         Petrified         |       |       |       |       |     6 ||     6
         Invisible         |       |       |       |       |     5 ||     5
         Petrifying        |       |       |       |       |     1 ||     1
 Armour: Skin              |    15 |    56 |   161 |   229 |   276 ||   737
  Dodge: Dodged            |    24 |    67 |   297 |   437 |   720 ||  1545
   Form: Beast             |     1 |       |       |       |       ||     1
         Flux              |       |       |     1 |       |       ||     1

Levels and vault maps discovered:
D:1:      sevenhm_arrival_forest_fort_small_6, layout_basic,
          hellmonk_ecumenical_altar_lost_god
D:2:      layout_basic, serial_shops, nicolae_shop_trees, basic_altar,
          nicolae_titane
D:3:      layout_rooms, corexii_hall_statues_t, uniq_sigmund
D:4:      layout_basic, minmay_temple_entry_from_below_a
D:5:      minmay_goblin_kobold_castle, layout_gridville
D:6:      layout_basic, minitemple, uniq_edmund
D:7:      layout_loops_ring, nicolae_overflow_hallway_of_the_gods,
          enter_bailey_3
D:8:      layout_basic, minmay_lair_entry_grove, minmay_misc_feat_doors,
          uniq_maggie, uniq_joseph
D:9:      layout_loops_corners, uniq_gastronok
D:10:     minmay_bloctagon, layout_basic
D:11:     layout_basic, david_orc_4
D:12:     layout_long_grid
Temple:   hellmonk_temple_divided_pantheon
Lair:1:   layout_roguey
Lair:2:   layout_cave_shapes, grunt_megastairs_3, uniq_erica
Lair:3:   layout_regular_city, swamp_mist, nicolae_spider_entry_lesser_pyramids,
          gammafunk_ghost_berserking_beasts, beast_lair_carwin_4
Lair:4:   dreamdust_labyrinth, layout_cave_pods, slime_entry_1,
          grunt_megastairs_5
Lair:5:   cheibrodos_lair_end_hotspot, layout_cellular_growth,
          portal_ice_cave_entry_pillars_1, columned_hall_lemuel,
          gammafunk_lair_bear_cave

Notes
Turn   | Place    | Note
-------+----------+-------------------------------------------
     0 | D:1      | JboZiK the Octopode Shapeshifter began the quest for the
                  | Orb.
     0 | D:1      | Reached XP level 1. HP: 13/13 MP: 1/1
    22 | D:1      | You fall into a shaft and drop 1 floor!
    22 | D:2      | Found a glowing golden altar of the Shining One.
   198 | D:1      | Found a faded altar of an unknown god.
   294 | D:1      | Reached XP level 2. HP: 18/18 MP: 2/2
   612 | D:1      | Found a broken altar of Ashenzari.
   817 | D:2      | Found Teurchi's Antique Armour Shop.
   922 | D:2      | Reached XP level 3. HP: 19/24 MP: 3/3
  1212 | D:3      | Reached skill level 2 in Fighting
  1237 | D:3      | Reached XP level 4. HP: 29/29 MP: 4/4
  1266 | D:3      | Reached skill level 1 in Stealth
  1498 | D:3      | Noticed Sigmund
  1513 | D:3      | Killed Sigmund
  1514 | D:3      | Reached skill level 3 in Fighting
  1514 | D:3      | Reached skill level 3 in Dodging
  1514 | D:3      | Reached skill level 3 in Stealth
  1514 | D:3      | Reached skill level 4 in Unarmed Combat
  1514 | D:3      | Reached skill level 4 in Shapeshifting
  1514 | D:3      | Reached XP level 5. HP: 20/36 MP: 5/5
  1514 | D:3      | Reached XP level 6. HP: 23/42 MP: 6/6
  2707 | D:4      | Found a staircase to the Ecumenical Temple.
  2750 | D:5      | Entered Level 5 of the Dungeon
  2906 | D:5      | Reached skill level 5 in Shapeshifting
  2996 | D:5      | Reached XP level 7. HP: 34/46 MP: 7/7
  3283 | D:5      | Reached skill level 6 in Shapeshifting
  4290 | D:5      | Reached skill level 7 in Shapeshifting
  4290 | D:5      | Reached XP level 8. HP: 25/52 MP: 8/8
  4602 | Temple   | Found a transporter.
  4602 | Temple   | Found a transporter.
  4602 | Temple   | Found a transporter.
  4602 | Temple   | Found a transporter.
  4602 | Temple   | Entered the Ecumenical Temple
  4620 | Temple   | Became a worshipper of Gozag Ym Sagoz the Greedy
  4900 | D:6      | HP: 3/54 [something (7)]
  4901 | D:6      | Reached skill level 4 in Fighting
  4901 | D:6      | Reached skill level 4 in Dodging
  5247 | D:6      | Reached skill level 5 in Unarmed Combat
  5511 | D:6      | Found a basalt altar of Yredelemnul.
  5519 | D:6      | Found a blossoming altar of Fedhas.
  5575 | D:6      | Noticed Edmund
  5582 | D:6      | Killed Edmund
  5732 | D:7      | Found a flagged portal.
  5740 | D:7      | Reached XP level 9. HP: 59/59 MP: 9/9
  5768 | Bailey   | Entered a bailey
  5956 | Bailey   | Reached skill level 5 in Fighting
  5956 | Bailey   | Reached skill level 5 in Dodging
  6018 | Bailey   | Noticed a gargoyle
  6028 | Bailey   | Killed a gargoyle
  6029 | Bailey   | Reached skill level 6 in Unarmed Combat
  6029 | Bailey   | Reached skill level 8 in Shapeshifting
  6188 | Bailey   | Identified the +5 kite shield "Alut" {Rampage rElec Dex-2}
  6191 | Bailey   | Identified the +0 great mace of Bloodstone {vamp, rF+ MP+9}
  6331 | D:7      | Found a burning altar of Makhleb.
  6343 | D:7      | Found a hide-covered altar of Uskayaw.
  6345 | D:7      | Found a white marble altar of Elyvilon.
  6351 | D:7      | Found a shimmering blue altar of Sif Muna.
  6357 | D:7      | Found a snail-covered altar of Cheibriados.
  6415 | D:7      | Reached skill level 6 in Fighting
  6417 | D:7      | Identified the +4 spear of Wufiet {protect, ^Drain rElec
                  | rC+++ Dex-4}
  7068 | D:8      | Reached skill level 6 in Dodging
  7324 | D:8      | Noticed Joseph
  7333 | D:8      | Reached XP level 10. HP: 57/69 MP: 10/10
  7347 | D:8      | Reached skill level 9 in Shapeshifting
  7355 | D:8      | Killed Joseph
  7356 | D:8      | Reached skill level 7 in Fighting
  7519 | D:8      | Reached skill level 1 in Evocations
  7860 | D:8      | Reached skill level 4 in Stealth
  7882 | D:8      | HP: 9/106 [poisoned by a water moccasin]
  7884 | D:8      | HP: 3/106 [poisoned by a water moccasin]
  7888 | D:8      | Reached skill level 2 in Evocations
  8290 | D:8      | Found a staircase to the Lair.
  8975 | D:8      | Noticed Maggie
  8981 | D:8      | Killed Maggie
  8982 | D:8      | Reached skill level 5 in Stealth
  9082 | D:9      | Noticed Gastronok
  9104 | D:8      | Killed Gastronok
  9105 | D:8      | Reached skill level 7 in Dodging
  9105 | D:8      | Reached skill level 7 in Unarmed Combat
  9105 | D:8      | Reached skill level 3 in Evocations
  9105 | D:8      | Reached XP level 11. HP: 40/77 MP: 11/11
  9314 | D:9      | Reached skill level 8 in Fighting
 10161 | D:10     | Entered Level 10 of the Dungeon
 10426 | D:10     | Reached skill level 10 in Shapeshifting
 10607 | D:10     | Reached skill level 4 in Evocations
 11111 | D:10     | Noticed a six-headed hydra
 11379 | Lair:1   | Entered Level 1 of the Lair of Beasts
 11759 | Lair:1   | Reached skill level 8 in Dodging
 11759 | Lair:1   | Reached skill level 8 in Unarmed Combat
 11888 | Lair:1   | Reached skill level 5 in Evocations
 11940 | Lair:1   | Reached skill level 9 in Fighting
 11959 | Lair:1   | Reached XP level 12. HP: 31/85 MP: 12/12
 12346 | Lair:1   | Noticed a death yak
 13063 | Lair:1   | Noticed a death yak
 13063 | Lair:1   | Noticed a death yak
 13063 | Lair:1   | Noticed a death yak
 13063 | Lair:1   | Noticed a death yak
 13180 | Lair:2   | Noticed Erica
 13196 | Lair:2   | Killed Erica
 13197 | Lair:2   | Reached skill level 6 in Evocations
 13547 | Lair:2   | Reached skill level 9 in Unarmed Combat
 13552 | Lair:2   | Reached skill level 9 in Dodging
 13674 | Lair:2   | Reached skill level 11 in Shapeshifting
 14018 | Lair:1   | Killed a death yak
 14061 | Lair:1   | Killed a death yak
 14062 | Lair:1   | Reached skill level 7 in Evocations
 14071 | Lair:1   | Killed a death yak
 14072 | Lair:1   | Reached skill level 10 in Fighting
 14577 | Lair:1   | Killed a death yak
 14584 | Lair:1   | Killed a death yak
 14842 | Lair:3   | Reached XP level 13. HP: 59/92 MP: 13/13
 15101 | Lair:3   | Found a staircase to the Swamp.
 15135 | Lair:3   | Found a hole to the Spider Nest.
 15222 | Lair:3   | Reached skill level 10 in Unarmed Combat
 15222 | Lair:3   | Reached skill level 8 in Evocations
 15356 | Lair:3   | Reached skill level 10 in Dodging
 15712 | Lair:3   | You fall into a shaft and drop 2 floors!
 15712 | Lair:5   | Entered Level 5 of the Lair of Beasts
 15952 | Lair:4   | Reached skill level 12 in Shapeshifting
 16715 | Lair:4   | Found a staircase to the Slime Pits.
 16716 | Lair:4   | Found a viscous altar of Jiyva.
 17096 | Lair:3   | Found a transporter.
 17187 | Lair:3   | Found a transporter.
 17204 | Lair:3   | Noticed Zeo's ghost (journeyman KoHu)
 17822 | Lair:4   | Found a runed translucent door.
 18293 | Lair:4   | Noticed a minotaur
 18304 | Lair:4   | Killed a minotaur
 19668 | Lair:5   | Reached XP level 14. HP: 80/99 MP: 14/14
 19920 | Lair:5   | Reached skill level 11 in Fighting
 19920 | Lair:5   | Reached skill level 11 in Unarmed Combat
 20157 | D:10     | Reached skill level 11 in Dodging
 21382 | D:10     | Identified a potion of resistance
 21385 | D:10     | Identified a scroll of acquirement
 21587 | D:10     | Acquired a manual of Stealth
 22554 | D:11     | Found a staircase to the Orcish Mines.
 23174 | Lair:5   | Reached skill level 6 in Stealth
 23243 | Lair:5   | Reached skill level 13 in Shapeshifting
 23458 | Lair:5   | Reached skill level 7 in Stealth
 23852 | Lair:5   | Found a large runed translucent door.
 23856 | Lair:5   | Found a large runed translucent door.
 24050 | Lair:5   | Reached skill level 8 in Stealth
 24990 | Lair:3   | Reached skill level 9 in Stealth
 25020 | Lair:3   | Slain by Zeo's ghost

Vanquished Creatures
  Gastronok (D:8)
  A minotaur (Lair:4)
  A fire dragon (Lair:5)
  2 hydras
  Erica (Lair:2)
  A catoblepas (Lair:3)
  2 two-headed ogres (D:10)
  3 boulder beetles
  7 death yaks
  A skyshark (Lair:4)
  A pharaoh ant (Lair:3)
  A lindwurm (Lair:5)
  A manticore (D:11)
  24 elephants
  2 moths of wrath (Lair:3)
  Joseph (D:8)
  2 molten gargoyles (Lair:5)
  9 black mambas
  2 unseen horrors (D:10)
  11 cane toads
  2 gargoyles
  Maggie (D:8)
  A kobold demonologist (D:9)
  2 rime drakes
  10 komodo dragons
  2 trolls (D:11)
  4 polar bears
  2 hornets (D:10)
  17 blink frogs
  A jumping spider (Lair:3)
  Sigmund (D:3)
  3 shadows
  12 wyverns
  27 yaks
  2 vampires
  5 basilisks
  4 steam dragons
  4 vampire mosquitoes (D:10)
  16 water moccasins
  Edmund (D:6)
  4 acid dragons
  3 hell hounds (Lair:5)
  6 orc warriors
  A sky beast (D:8)
  2 ice beasts
  8 black bears
  An ogre (D:5)
  17 wolves
  5 centaurs
  A kobold brigand (D:8)
  16 bullfrogs
  A gnoll sergeant (D:11)
  4 scorpions
  4 wights (D:8)
  4 killer bees
  2 howler monkeys
  8 vampire bats (Bailey)
  An electric eel (Lair:5)
  4 lava snakes (Lair:5)
  6 orc priests
  A bombardier beetle (D:5)
  2 hounds
  2 gnoll boudas
  9 orc wizards
  A sleepcap (D:7)
  3 iguanas
  17 gnolls
  9 adders
  3 shadow imps
  2 white imps
  4 ufetubi (D:5)
  30 orcs
  4 endoplasms
  2 giant cockroaches
  41 goblins
  31 hobgoblins
  18 kobolds
  3 quokkas
  3 ball pythons
  3 bats
  4 frilled lizards
  20 orc zombies (Bailey)
  2 rats
503 creatures vanquished.

Vanquished Creatures (others)
  A lava snake (Lair:5)
  An orc (D:7)
2 creatures vanquished.

Grand Total: 505 creatures vanquished

Table legend: (Time is in decaauts)
 A = Elapsed time spent in this place.
 B = Non-inter-level travel time spent in this place.
 C = Inter-level travel time spent in this place.
 D = Time resting spent in this place.
 E = Time spent auto-exploring this place.
 F = Levels seen in this place.
 G = Mean time per level.
                   A        B        C        D        E       F      G
               +--------+--------+--------+--------+--------+-----+--------+
         Total |  24759 |  23800 |    959 |   6648 |  13698 |  19 | 1303.1 |
       Dungeon |  13932 |  13426 |    506 |   3804 |   7835 |  12 | 1161.0 |
        Temple |     44 |     44 |      0 |      0 |      0 |   1 |   44.0 |
          Lair |  10305 |   9853 |    452 |   2764 |   5635 |   5 | 2061.0 |
        Bailey |    477 |    477 |      0 |     80 |    228 |   1 |  477.0 |
               +--------+--------+--------+--------+--------+-----+--------+

Top non-repeatable levels by time:
  Lair:4: 2582 daAuts
  Lair:5: 2506 daAuts
     D:8: 2333 daAuts
    D:10: 2255 daAuts
  Lair:1: 2099 daAuts
     D:5: 1846 daAuts
  Lair:3: 1686 daAuts
  Lair:2: 1431 daAuts
     D:9: 1410 daAuts
    D:11: 1360 daAuts
     D:6: 1050 daAuts
     D:4: 926 daAuts
     D:7: 842 daAuts
     D:1: 636 daAuts
     D:3: 627 daAuts

Table legend:
 A = Non-vault XP
 B = Vault XP
 C = Vault XP percentage of total XP
 D = Non-vault monster count
 E = Vault monster count
 F = Vault count percentage of total count
                 A         B        C        D         E       F
            +---------+---------+-------+---------+---------+-------
      Total |   54375 |   26550 |  32.8 |     310 |     194 |  38.5
            +---------+---------+-------+---------+---------+-------
        D:1 |      13 |       0 |   0.0 |      10 |       0 |   0.0
        D:2 |      54 |       0 |   0.0 |      10 |       0 |   0.0
        D:3 |      73 |     226 |  75.6 |      18 |       1 |   5.3
        D:4 |      72 |       0 |   0.0 |      13 |       0 |   0.0
        D:5 |     658 |     127 |  16.2 |      19 |      64 |  77.1
        D:6 |     976 |     149 |  13.2 |      19 |       1 |   5.0
        D:7 |     573 |       8 |   1.4 |      13 |       4 |  23.5
        D:8 |    1696 |    3965 |  70.0 |      32 |      14 |  30.4
        D:9 |    2104 |       0 |   0.0 |      17 |       0 |   0.0
       D:10 |    3508 |    5545 |  61.3 |      18 |      16 |  47.1
       D:11 |    2440 |     815 |  25.0 |      15 |      16 |  51.6
       D:12 |     219 |       0 |   0.0 |       1 |       0 |   0.0
     Lair:1 |   11292 |       0 |   0.0 |      35 |       0 |   0.0
     Lair:2 |    4973 |    1293 |  20.6 |      16 |       3 |  15.8
     Lair:3 |    6615 |    4999 |  43.0 |      22 |      13 |  37.1
     Lair:4 |    4869 |    1654 |  25.4 |      17 |       5 |  22.7
     Lair:5 |   14240 |    6624 |  31.7 |      35 |      27 |  43.5
     Bailey |       0 |    1145 | 100.0 |       0 |      30 | 100.0
            +---------+---------+-------+---------+---------+-------
